 Dungeon Crawl Stone Soup version 0.28.0-49-g6dfe1f597d (webtiles) character file.

Game seed: 10857227348005621060

4550 Zeld the Thaumaturge (level 10, -2/50 HPs)
             Began as a Deep Elf Fire Elementalist on May 19, 2022.
             Was a Priest of Vehumet.
             Slain by a yak (13 damage)
             ... on level 8 of the Dungeon.
             The game lasted 00:09:40 (10778 turns).

Zeld the Thaumaturge (Deep Elf Fire Elementalist)  Turns: 10778, Time: 00:09:41

Health: -2/50      AC:  8    Str:  5    XL:     10   Next: 17%
Magic:  10/27      EV: 15    Int: 25    God:    Vehumet [***...]
Gold:   33         SH:  0    Dex: 15    Spells: 21/32 levels left

rFire   . . .      SeeInvis +   a - +4 long sword (freeze)
rCold   . . .      Faith    .   (no shield)
rNeg    . . .      Spirit   .   E - +0 robe
rPois   .          Reflect  .   w - +2 helmet {SInv}
rElec   .          Harm     .   s - +0 cloak
rCorr   .          Rampage  .   m - +0 pair of gloves
Will    ++...                   h - +0 pair of boots
Stlth   ++........              (no amulet)
HPRegen 0.16/turn               d - ring of willpower
MPRegen 0.20/turn               t - ring of flight

@: flying
A: no striking features
a: Renounce Religion


You were on level 8 of the Dungeon.
You worshipped Vehumet.
Vehumet was most pleased with you.
You visited 2 branches of the dungeon, and saw 9 of its levels.
You also visited: Sewer.

You collected 337 gold pieces.
You spent 304 gold pieces at shops.

Inventory:

Hand Weapons
 a - a +4 long sword of freezing (weapon)
Armour
 h - a +0 pair of boots (worn)
 m - a +0 pair of gloves (worn)
 s - a +0 cloak (worn)
 w - a +2 helmet of see invisible (worn)
 E - a +0 robe (worn)
Jewellery
 d - a ring of willpower (left hand)
 t - a ring of flight (right hand)
Wands
 C - a wand of polymorph (8)
Scrolls
 b - a scroll of identify
 f - 3 scrolls of amnesia
 k - 2 scrolls of teleportation
 v - 3 scrolls of enchant weapon
Potions
 c - a potion of magic {unknown}
 g - a potion of haste {unknown}
 i - a potion of resistance
 l - 3 potions of heal wounds {unknown}
 n - a potion of ambrosia {unknown}
 o - a potion of might {unknown}
 p - a potion of berserk rage {unknown}
 q - 4 potions of curing {unknown}
 r - 2 potions of flight {unknown}
 x - a potion of cancellation
 A - a potion of invisibility {unknown}
 B - a potion of degeneration {unknown}
 D - a potion of brilliance {unknown}


   Skills:
 + Level 7.6 Dodging
 - Level 2.4 Stealth
 * Level 11.5 Spellcasting
 + Level 6.7 Conjurations
 * Level 10.1 Fire Magic


You had 21 spell levels left.
You knew the following spells:

 Your Spells              Type           Power      Damage    Failure   Level
a - Foxfire               Conj/Fire      100%       2x1d9     1%          1
b - Scorch                Fire           100%       2d10      1%          2
c - Flame Wave            Conj/Fire      54%        2d11      1%          4
d - Sticky Flame          Conj/Fire      54%        2d7       1%          4

Your spell library contained the following spells:

 Spells                   Type           Power      Damage    Failure   Level
 Conjure Flame            Conj/Fire      54%        6-21      1%          3
 Inner Flame              Hex/Fire       39%        N/A       1%          3
 Hailstorm                Conj/Ice       31%        3d8       3%          4
 Summon Small Mammal      Summ           56%        N/A       4%          1
 Ensorcelled Hibernation  Hex/Ice        28%        N/A       6%          2
 Passwall                 Tmut/Erth      11%        N/A       6%          2
 Call Canine Familiar     Summ           14%        N/A       13%         3
 Summon Guardian Golem    Hex/Summ       14%        N/A       13%         3
 Swiftness                Air            14%        N/A       13%         3
 Ice Form                 Ice/Tmut       14%        N/A       38%         4
 Alistair's Intoxication  Tmut/Pois      9%         N/A       75%         5
 Borgnjor's Vile Clutch   Necr/Erth      7%         N/A       75%         5
 Eringya's Noxious Bog    Tmut/Pois      7%         N/A       82%         6
 Simulacrum               Ice/Necr       7%         N/A       100%        6


Dungeon Overview and Level Annotations

Branches:
Dungeon (8/15)             Temple (1/1) D:6           Sewer (visited)
   Lair: D:8-11

Altars:
Ashenzari
Cheibriados
Dithmenos
Elyvilon
Fedhas
Gozag
Hepliaklqana
Kikubaaqudgha
Makhleb
Okawaru
Qazlal
Ru
Sif Muna
Trog
Uskayaw
Vehumet
Wu Jian
Xom
Yredelemnul
Zin
The Shining One

Shops:
D:1 =   D:2 [   D:6 !   D:7 ?


Message History

Casting: Scorch (safe; 1% risk of failure)
Confirm with . or Enter, or press ? or * to list all spells.
Flames lash the yak.
The yak is lightly wounded.
The yak's fire resistance burns away.
The yak misses you. The yak gores you! The orc barely misses you.
Unknown command.
Casting: Scorch (safe; 1% risk of failure)
Confirm with . or Enter, or press ? or * to list all spells.
Casting: Flame Wave (safe; 1% risk of failure)
Press: ? - help, Dir - look around, f - activate A wave of flame ripples out!
The flame wave engulfs the yak!
The yak is burned terribly!
The yak is severely wounded.
The flame wave engulfs the orc!!
The orc is burned terribly!
You kill the orc!
Vehumet accepts your kill.
You feel your power returning.
The flame wave engulfs the yak!
The yak is burned terribly!
You kill the yak!
Vehumet accepts your kill. (Press . to intensify the flame waves.)
You hear a shout! x2
A yak comes into view.
The yak gores you!
* * * LOW HITPOINT WARNING * * *
A yak comes into view.
Unknown command.
A wave of flame ripples out!
The flame wave engulfs the yak.
The yak is severely wounded.
The flame wave engulfs the yak!
The yak is burned terribly!
The yak is moderately wounded.
The flame wave engulfs the orc!
You kill the orc!
Vehumet accepts your kill.
The flame wave engulfs the yak!
The yak is moderately wounded.
You hear a shout! x4
The yak misses you. The yak gores you!
You die...

......................).
#..........?....###.###
#.........)..#.##.....#
#..#.........#.##.....#
#..#.[.......).##.....#
#..#.....#.....##.....#
#.....####.....##.....#
#....[)# ....#.#
####....Y@#.....#..#
........YY)....## ..
........Y##...... ..
................. ..#
............##.## ...
.......).#....... ...
........##..#.# . ...
......... ..# . ...
......... ## ...


You could see 4 yaks.

Vanquished Creatures
  A wyvern (D:7)
  A yak (D:8)
  4 water moccasins
  Duvessa (D:6)
  A sky beast (D:5)
  2 ice beasts (D:7)
  4 orc warriors
  A hornet zombie (D:6)
  A black bear (D:8)
  3 ogres
  3 centaurs
  2 necrophages
  A kobold brigand (D:6)
  2 bullfrogs
  A gnoll sergeant (D:8)
  A wyvern zombie (D:7)
  2 scorpions
  Dowan (D:6)
  A water moccasin skeleton (D:4)
  3 killer bees (D:6)
  8 wights
  A howler monkey (D:5)
  A bullfrog zombie (D:5)
  5 hounds
  A centaur zombie (D:8)
  A jelly (D:5)
  6 orc priests
  3 gnoll shamans
  3 centaur skeletons
  2 iguanas
  6 orc wizards
  Terence (D:2)
  A hell rat (Sewer)
  A killer bee zombie (D:7)
  A hound skeleton (D:4)
  5 adders
  15 gnolls
  A howler monkey skeleton (D:5)
  A shadow imp (D:6)
  4 white imps
  An adder skeleton (D:4)
  3 dart slugs
  35 orcs
  5 ball pythons
  10 bats
  3 endoplasms
  6 giant cockroaches
  A hobgoblin (D:3)
  2 jackals (D:8)
  8 kobolds
  A quokka (D:4)
  2 frilled lizards
  9 goblins
  13 rats
202 creatures vanquished.

Vanquished Creatures (others)
  29 foxfires
  A plant (D:4)
30 creatures vanquished.

Grand Total: 232 creatures vanquished

Notes
Turn   | Place    | Note
-------+----------+-------------------------------------------
     0 | D:1      | Zeld the Deep Elf Fire Elementalist began the quest for the
                  | Orb.
     0 | D:1      | Reached XP level 1. HP: 10/10 MP: 6/6
   513 | D:1      | Found Izyc's Jewellery Emporium.
   614 | D:1      | Reached XP level 2. HP: 11/15 MP: 0/8
   618 | D:1      | Learned a level 2 spell: Scorch
  1499 | D:2      | Reached XP level 3. HP: 15/19 MP: 5/10
  1878 | D:2      | Found Otudoman's Antique Armour Shoppe.
  1925 | D:2      | Found a faded altar of an unknown god.
  2280 | D:3      | Noticed Terence
  2285 | D:2      | Killed Terence
  2286 | D:2      | Reached skill level 4 in Spellcasting
  2286 | D:2      | Reached XP level 4. HP: 24/24 MP: 4/12
  2293 | D:2      | Learned a level 4 spell: Flame Wave
  2562 | D:3      | Found a faded altar of an unknown god.
  2568 | D:3      | Found a shimmering blue altar of Sif Muna.
  2659 | D:3      | Noticed a water moccasin
  2665 | D:3      | Killed a water moccasin
  2666 | D:3      | Reached skill level 5 in Spellcasting
  2666 | D:3      | Reached XP level 5. HP: 28/28 MP: 6/14
  2729 | D:3      | Found an ancient bone altar of Kikubaaqudgha.
  3285 | D:4      | Found a radiant altar of Vehumet.
  3342 | D:4      | Became a worshipper of Vehumet
  3557 | D:4      | Reached skill level 5 in Fire Magic
  3557 | D:4      | Reached XP level 6. HP: 28/32 MP: 6/16
  3790 | D:4      | Found a white marble altar of Elyvilon.
  4499 | D:5      | Entered Level 5 of the Dungeon
  4563 | D:5      | Reached skill level 6 in Spellcasting
  4617 | D:5      | Reached XP level 7. HP: 36/36 MP: 7/18
  4810 | D:5      | Found a hide-covered altar of Uskayaw.
  4813 | D:5      | Noticed a +0 dagger
  4813 | D:5      | Noticed a +0 dagger
  5113 | D:5      | Reached skill level 7 in Spellcasting
  5282 | D:5      | Found an opulent altar of Gozag.
  5376 | D:5      | Reached * piety under Vehumet
  5376 | D:5      | Offered knowledge of Shock by Vehumet.
  5653 | D:5      | Found a shimmering altar of Xom.
  5821 | D:6      | Reached skill level 5 in Dodging
  5821 | D:6      | Reached XP level 8. HP: 41/41 MP: 15/21
  5879 | D:6      | Got Sif Muna's Grimoire of Earthen Shape Shifting
  5941 | D:6      | Found a glowing drain.
  5993 | Sewer    | Entered a sewer
  6161 | D:6      | Reached skill level 8 in Spellcasting
  6293 | D:6      | Offered knowledge of Freeze by Vehumet.
  6417 | D:6      | Reached ** piety under Vehumet
  6926 | D:6      | Reached skill level 5 in Conjurations
  7043 | D:6      | Found Tiem's Distillery.
  7149 | D:2      | Bought a glowing helmet for 120 gold pieces
  7281 | D:6      | Reached skill level 9 in Spellcasting
  7325 | D:6      | Bought a potion of cancellation for 112 gold pieces
  7348 | D:6      | Found a staircase to the Ecumenical Temple.
  7360 | Temple   | Entered the Ecumenical Temple
  7623 | D:6      | Found an ornate altar of the Wu Jian Council.
  7623 | D:6      | Noticed Duvessa
  7626 | D:6      | Noticed Dowan
  7632 | D:6      | Killed Duvessa
  7633 | D:6      | Reached XP level 9. HP: 30/45 MP: 15/24
  7633 | D:6      | Killed Dowan
  8662 | D:7      | Reached skill level 10 in Spellcasting
  8939 | D:7      | Found Bydeget's Magic Scroll Shoppe.
  8946 | D:7      | Bought a scroll of identify for 24 gold pieces
  8946 | D:7      | Bought a scroll of identify for 24 gold pieces
  8946 | D:7      | Bought a scroll of identify for 24 gold pieces
  9913 | D:8      | Offered knowledge of Ignite Poison by Vehumet.
  9924 | D:8      | Reached skill level 11 in Spellcasting
 10272 | D:8      | Reached XP level 10. HP: 44/50 MP: 20/27
 10274 | D:8      | Reached *** piety under Vehumet
 10638 | D:8      | Offered knowledge of Sticky Flame by Vehumet.
 10657 | D:7      | Learned a level 4 spell: Sticky Flame
 10747 | D:8      | Reached skill level 10 in Fire Magic
 10778 | D:8      | Slain by a yak

Illustrated notes

Levels and vault maps discovered:
D:1:      zelgadis_glass_arrival_small, layout_basic, serial_shops,
          nicolae_shop_temple_entry_statues_fountains
D:2:      layout_loops_cross, serial_shops, shop,
          hellmonk_ecumenical_altar_lost_god, hangedman_decor_diamond_cutter
D:3:      layout_basic, nicolae_overflow_ecumenical_swirl,
          mainiacjoe_overflow_24_doors, dk_noncrumbling_4,
          nicolae_concentric_dashed_squares_wild, uniq_terence
D:4:      layout_cave_pods, mainiacjoe_overflow_small_starburst,
          nicolae_elyvilon_temple_path
D:5:      layout_basic, dancing_weapons_uskayaw, mainiacjoe_overflow_alcove_2,
          mainiacjoe_overflow_brackets, chequers_serial_rivers_small_a
D:6:      layout_loops_ring, kennysheep_little_box,
          minmay_temple_entry_statues_pillars, serial_shops, shop,
          gup_sewer_entry_glass, uniq_duvessa
D:7:      layout_gridville, serial_shops, nicolae_stop_n_shop_2
D:8:      layout_cave_pools, serial_gnoll_camp, gnoll_camp_mini_basic,
          gnoll_camp_mini_doghouse, gnoll_camp_mini_hut, gnoll_camp_mini_basic,
          special_room [special_room_orc], wad_rectangle_vault
Temple:   dshaligram_water_room_temple

Skill      XL: |  1  2  3  4  5  6  7  8  9 10 |
---------------+-------------------------------+-----
Dodging        | 3 4 5 6 7 |  7.6
Spellcasting   | 4 5 6 7 9 11 | 11.5
Conjurations   | 2 3 4 5 6 |  6.7
Fire Magic     | 4 5 6 8 9 10 | 10.1
Stealth        | |  2.4

Action                   |  1- 3 |  4- 6 |  7- 9 | 10-12 || total
-------------------------+-------+-------+-------+-------++-------
Melee: Unarmed           |     2 |    13 |    13 |       ||    28
       Punch             |       |       |     1 |     1 ||     2
       Long sword        |       |       |       |    11 ||    11
 Cast: Foxfire           |    27 |       |     1 |       ||    28
       Scorch            |    27 |    58 |   211 |    35 ||   331
       Flame Wave        |       |       |     4 |     4 ||     8
  Use: Scroll            |       |       |       |     8 ||     8
 Stab: Sleeping          |       |       |     1 |       ||     1
Armor: Robe              |     6 |    15 |    50 |     8 ||    79
Dodge: Dodged            |     9 |    32 |    98 |    45 ||   184
